 Dungeon Crawl Stone Soup version 0.18.1-48-g4cf74bf (webtiles) character file.

291 Alarkh the Shooter (level 6, -8/44 HPs)
             Began as a Mummy Hunter on Aug 12, 2016.
             Was a Follower of Okawaru.
             Killed by divine providence
             ... invoked by an orc priest
              (12 damage)
             ... on level 3 of the Dungeon.
             The game lasted 00:04:51 (2780 turns).

Alarkh the Shooter (Mummy Hunter)                   Turns: 2780, Time: 00:04:52

Health: -8/44      AC:  7    Str: 16    XL:     6   Next: 10%
Magic:  6/6        EV: 12    Int: 12    God:    Okawaru [*.....]
Gold:   140        SH:  0    Dex: 15    Spells: 0 memorised, 5 levels left

rFire  x . .     SeeInvis .     b - +0 dagger (venom)
rCold  + . .     Gourm    .     c - +0 leather armour
rNeg   + + +     Faith    .     (no shield)
rPois  ∞         Spirit   .     (no helmet)
rElec  .         Dismiss  .     (no cloak)
rCorr  .         Reflect  .     e - +2 pair of gloves
SustAt .         Harm     .     g - +0 pair of boots
MR     .....                    (no amulet)
Stlth  +.........               (no ring)
                                f - +3 ring of dexterity

@: very slightly contaminated, very slow, not resistant to hostile enchantments,
very unstealthy
A: no food or potions, fire vulnerability, cold resistance 1, negative energy
resistance 3, torment resistance, unbreathing
a: Heroism, Renounce Religion


You were on level 3 of the Dungeon.
You worshipped Okawaru.
Okawaru was aware of your devotion.
You were not hungry.

You visited 1 branch of the dungeon, and saw 3 of its levels.

You collected 140 gold pieces.

Inventory:

Hand Weapons
 a - a cursed +1 shortbow
 b - a +0 dagger of venom (weapon)
 l - a +0 short sword
Missiles
 d - 13 arrows
Armour
 c - a +0 leather armour (worn)
 e - a +2 pair of gloves (worn)
 g - a +0 pair of boots (worn)
 h - a +2 buckler
Jewellery
 f - a +3 ring of dexterity (left hand)


   Skills:
 - Level 2.0 Fighting
 + Level 6.1 Bows
 - Level 1.5 Dodging
 - Level 0.7 Stealth


You had 5 spell levels left.
You didn't know any spells.

Dungeon Overview and Level Annotations

Branches:
Dungeon (3/15)

Altars:
Cheibriados
Okawaru
Sif Muna

Annotations:
D:1 1 exclusion
D:3 exclusion: door


Innate Abilities, Weirdness & Mutations

You do not eat or drink.
Your flesh is vulnerable to fire.
You are immune to poison.
Your flesh is cold resistant.
You are immune to negative energy.
You are immune to unholy pain and torment.
You can survive without breathing.


Message History

As you read the scroll labeled HOSOTA TUUPH, it crumbles to dust.
It was a scroll of blinking.
There is a large open door, spattered with blood here.
Things that are here:
a club x2; a big kobold corpse You hit the orc wizard.
The orc wizard looks even sicker.
The orc wizard is almost dead.
You kill the orc wizard!
Okawaru accepts your kill.
You have reached level 6!
Your experience leads to an increase in your attributes!
Your base attributes are Str 16, Int 11, Dex 12.
Increase (S)trength, (I)ntelligence, or (D)exterity?
You feel clever.
The orc priest calls down the wrath of Beogh upon you.
Beogh smites you!
* * * LOW HITPOINT WARNING * * *
The orc priest mumbles some strange prayers to Beogh against you.
Beogh smites you!
You die...

≈≈≈≈≈≈≈≈≈≈≈≈≈≈≈≈≈≈≈≈≈..).).≈≈≈≈≈≈
≈≈≈≈≈≈≈≈≈≈≈≈≈≈≈≈≈≈≈≈≈......≈≈≈≈≈≈
≈≈≈≈≈≈≈≈≈≈≈≈≈≈≈≈≈≈≈≈≈≈....≈≈≈≈≈≈≈
≈≈....≈≈≈≈.≈≈..≈≈≈...≈....≈(≈.(((
..........................(((..(.
..............................((.
.>.<.............##o#############
..####.#.#..####..o.# #####
...###.#.<..####@############....
#†..........................+....
##...#.........##.#......####....
###.###..........#......# #....
#...# #.................# #....
##.### #.................# #....
##.# #.................####....
'..# #.........................
#### #..........#)()...........


You could see an orc priest and an orc.

Vanquished Creatures
  A big kobold (D:3)
  An orc priest (D:3)
  2 orc wizards (D:3)
  2 adders
  2 oozes
  4 worms
  3 dart slugs
  3 giant geckos
  12 orcs
  2 giant cockroaches (D:3)
  10 goblins
  8 hobgoblins
  5 jackals
  9 kobolds
  2 quokkas (D:2)
  8 bats
  A giant newt (D:1)
  5 rats
80 creatures vanquished.

Notes
Turn   | Place    | Note
--------------------------------------------------------------
     0 | D:1      | Alarkh the Mummy Hunter began the quest for the Orb.
     0 | D:1      | Reached XP level 1. HP: 16/16 MP: 1/1
   175 | D:1      | Reached XP level 2. HP: 22/22 MP: 2/2
   488 | D:1      | Reached skill level 4 in Bows
   524 | D:1      | Found a snail-covered altar of Cheibriados.
   813 | D:2      | Reached XP level 3. HP: 27/27 MP: 3/3
   814 | D:2      | Found a faded altar to an unknown god.
   824 | D:2      | Became a worshipper of Cheibriados the Contemplative
   824 | D:2      | Reached * piety under Cheibriados
   824 | D:2      | Fell from the grace of Cheibriados
  1505 | D:3      | Reached XP level 4. HP: 26/33 MP: 4/4
  1513 | D:3      | Found a deep blue altar of Sif Muna.
  1536 | D:3      | Found an iron altar of Okawaru.
  1541 | D:3      | Became a worshipper of Warmaster Okawaru
  1650 | D:3      | Reached skill level 5 in Bows
  1967 | D:3      | Reached XP level 5. HP: 23/38 MP: 5/5
  2012 | D:3      | Found a glowing drain.
  2628 | D:3      | Reached skill level 6 in Bows
  2645 | D:3      | Reached * piety under Okawaru
  2769 | D:3      | Reached XP level 6. HP: 13/44 MP: 6/6
  2780 | D:3      | Killed from afar by an orc priest

Skill      XL: |  1  2  3  4  5 |
---------------+----------------+-----
Bows           | 4 5 6 |  6.1
Fighting       | |  2.0
Dodging        | |  1.5
Stealth        | |  0.7

Action                   |  1- 3 |  4- 6 || total
-------------------------+-------+-------++-------
Melee: Short sword       |    63 |       ||    63
       Dagger            |    13 |   160 ||   173
 Fire: Shortbow          |    61 |       ||    61
Invok: Renounce Religion |     1 |       ||     1
  Use: Scroll            |       |     4 ||     4
Armor: Leather armour    |    29 |    78 ||   107
Dodge: Dodged            |    54 |   158 ||   212
